 Dungeon Sprint DCSS version 0.30.1-9-gdf580d7c3d (webtiles) character file.

Game seed: 16030946898549808279

14121 Heoruswealwe the Phalangite (level 11, -2/119 HPs)
             Began as a Minotaur Fighter on Oct 10, 2023.
             Was an Initiate of Gozag.
             Slain by an orc knight
             ... wielding a +0 great sword
              (7 damage)
             ... in the Dungeon (Sprint IX: "|||||||||||||||||||||||||||||").
             The game lasted 00:14:16 (2000 turns).

Heoruswealwe the Phalangite (Minotaur Fighter)      Turns: 2000, Time: 00:14:16

Health: -2/119     AC: 24    Str: 25    XL:     11   Next: 84%
Magic:  10/10      EV:  9    Int:  5    God:    Gozag
Gold:   6775       SH:  0    Dex: 10    Spells: 10/10 levels left

rFire   . . .        b - +2 halberd (protect)
rCold   . . .        (shield currently unavailable)
rNeg    + . .        c - +3 chain mail {rN+}
rPois   .            (helmet restricted)
rElec   .            h - +0 cloak
rCorr   .            f - +0 pair of gloves
SInv    .            e - +0 pair of boots
Will    .....        (no amulet) Stlth
                     k - +2 ring of protection
HPRegen 0.39/turn    (no ring)
MPRegen 0.12/turn

%: no teleportation
@: corroded, gold aura, under a protective aura
A: horns 2, retaliatory headbutt
a: Renounce Religion, Potion Petition, Call Merchant, Bribe Branch


You were in the Dungeon.
You worshipped Gozag.
Gozag was greatly pleased with you.
You visited 1 branch You collected 6775 gold pieces.

Inventory:

Hand Weapons
 a - a +0 trident
 b - a +2 halberd of protection (weapon)
 m - a +0 glaive
Armour
 c - a +3 chain mail of positive energy (worn)
 d - a +0 kite shield
 e - a +0 pair of boots (worn)
 f - a +0 pair of gloves (worn)
 h - a +0 cloak (worn)
Jewellery
 k - a +2 ring of protection (left hand)
Wands
 l - a wand of acid (22)
Scrolls
 j - a scroll of blinking
 r - 2 scrolls of enchant weapon
Potions
 g - a potion of haste
 i - 7 potions of curing
 o - a potion of cancellation
Miscellaneous
 p - a lightning rod (4/4)


   Skills:
 + Level 18.2 Fighting
 * Level 24.4 Polearms
 + Level 18.2 Armour
 - Level 3.6 Shields


You had 10 spell levels left.
You didn't know any spells.
Your spell library contained the following spells:

 Spells                   Type           Power      Damage    Failure   Level
 Sandblast                Erth           0%         2d4       83%         1
 Passwall                 Tmut/Erth      0%         N/A       93%         2
 Stone Arrow              Conj/Erth      0%         3d7       99%         3


Dungeon Overview and Level Annotations

Branches:
Dungeon (1/1)

Altars:
Cheibriados
Dithmenos
Elyvilon
Fedhas
Gozag
Hepliaklqana
Kikubaaqudgha
Makhleb
Nemelex Xobeh
Okawaru
Qazlal
Ru
Sif Muna
Trog
Uskayaw
Vehumet
Wu Jian
Xom
Yredelemnul
Zin
The Shining One
Jiyva
Lugonu

Shops:
D ?


Innate Abilities, Weirdness & Mutations

You have a pair of horns on your head.
You reflexively headbutt those who attack you in melee.


Message History

Beogh smites you!
* * * LOW HITPOINT WARNING * * *
The orc high priest is distracted by your dazzling golden aura.
The orc high priest shouts!
You hit the orc knight but do no damage.
The orc knight is moderately wounded.
The orc knight no longer looks unusually strong.
The orc high priest prays.
The orc knight hits you but does no damage.
You hit the orc knight. Your headbutt misses the orc knight.
The orc knight is moderately wounded.
The hellwing is distracted by your dazzling golden aura.
You closely miss the orc knight.
The orc knight is moderately wounded.
The orc high priest is no longer distracted by gold.
The orc knight hits you with a +0 great sword!
* * * LOW HITPOINT WARNING * * *
Unknown command.
You puncture the orc knight!
The orc knight is moderately wounded.
The orc high priest no longer looks unusually strong. x2
The orc knight roars a battlecry!
The orc high priests go into a battle-frenzy!
You closely miss the orc knight.
The orc knight is moderately wounded.
You puncture the orc knight!
The orc knight is heavily wounded.
The orc knight no longer looks unusually strong.
The orc knight hits you with a +0 great sword.
* * * LOW HITPOINT WARNING * * *
The orc high priest is distracted by your dazzling golden aura.
You hit the orc knight but do no damage.
The orc knight is heavily wounded.
The orc knight roars a battlecry!
The orc knight goes into a battle-frenzy!
You completely miss the orc knight.
The orc knight is heavily wounded.
The orc knight hits you with a +0 great sword!
You die...
Your body crumbles into a pile of gold.

▓)▓.▓'▓.▓_▓
▓)▓.▓.▓.▓_▓
▓)▓.▓.▓.▓_▓
▓)▓.▓.▓.▓_▓
▓.▓.▓.▓.▓_▓
▓)▓.▓.▓.▓_▓
▓)▓.▓.▓.▓_▓
▓.▓.▓.▓.▓_▓
▓@▓.▓.▓.▓_▓
▓o▓.▓.▓.▓_▓
▓o▓.▓'▓.▓'▓
▓o▓.▓.▓.▓!▓
▓$▓.▓.▓[▓?▓
▓4▓.▓.▓)▓)▓
▓o▓.▓.▓.▓.▓
▓3▓.▓.▓.▓=▓
$▓.▓.▓.▓[▓


You could see 2 orc knights, 2 orc high priests, a sun demon (summoned) and a
hellwing (summoned).

Vanquished Creatures
  A hydra (D)
  2 catoblepae (D)
  4 death yaks (D)
  A tengu warrior (D)
  2 orc high priests (D)
  Urug (D)
  A deep elf pyromancer (D)
  3 orc knights (D)
  2 elephants (D)
  A black mamba (D)
  An unseen horror (D)
  Psyche (D)
  4 cane toads (D)
  A komodo dragon (D)
  A polar bear (D)
  A troll (D)
  5 yaks (D)
  2 wyverns (D)
  2 vampire mosquitoes (D)
  3 water moccasins (D)
  7 orc warriors (D)
  2 bullfrogs (D)
  2 scorpions (D)
  A gnoll sergeant (D)
  2 killer bees (D)
  A howler monkey (D)
  6 orc priests (D)
  A sleepcap (D)
  An iguana (D)
  2 orc wizards (D)
  A gnoll (D)
  8 orcs (D)
  An endoplasm (D)
  A hobgoblin (D)
  A jackal (D)
  A frilled lizard (D)
  A rat (D)
78 creatures vanquished.

Notes
Turn   | Place    | Note
-------+----------+-------------------------------------------
     0 | D        | Heoruswealwe the Minotaur Fighter began the quest for the
                  | Orb.
     0 | D        | Reached XP level 1. HP: 19/19 MP: 0/0
     7 | D        | Reached skill level 3 in Polearms
    22 | D        | Noticed a scorpion
    22 | D        | Noticed a sleepcap
    22 | D        | Noticed a scorpion
    22 | D        | Noticed an iguana
    26 | D        | Killed a scorpion
    27 | D        | Reached skill level 5 in Fighting
    27 | D        | Reached skill level 7 in Polearms
    27 | D        | Reached skill level 5 in Armour
    27 | D        | Reached XP level 2. HP: 27/30 MP: 1/1
    27 | D        | Reached XP level 3. HP: 34/37 MP: 2/2
    34 | D        | Reached XP level 4. HP: 17/45 MP: 3/3
    41 | D        | Killed a scorpion
    42 | D        | Reached skill level 9 in Polearms
    42 | D        | Reached XP level 5. HP: 21/52 MP: 4/4
    55 | D        | Found a snail-covered altar of Cheibriados.
    55 | D        | Found a shadowy altar of Dithmenos.
    55 | D        | Found a white marble altar of Elyvilon.
    55 | D        | Found a blossoming altar of Fedhas.
    55 | D        | Found an opulent altar of Gozag.
    56 | D        | Found a hazy altar of Hepliaklqana.
    57 | D        | Found a viscous altar of Jiyva.
    58 | D        | Found an ancient bone altar of Kikubaaqudgha.
    59 | D        | Found a corrupted altar of Lugonu.
    60 | D        | Found a burning altar of Makhleb.
    61 | D        | Found a sparkling altar of Nemelex Xobeh.
    62 | D        | Found an iron altar of Okawaru.
    63 | D        | Became a worshipper of Gozag Ym Sagoz the Greedy
    64 | D        | Found a stormy altar of Qazlal.
    65 | D        | Found a sacrificial altar of Ru.
    66 | D        | Found a shimmering blue altar of Sif Muna.
    67 | D        | Found a bloodstained altar of Trog.
    68 | D        | Found a hide-covered altar of Uskayaw.
    69 | D        | Found a radiant altar of Vehumet.
    70 | D        | Found an ornate altar of the Wu Jian Council.
    71 | D        | Found a shimmering altar of Xom.
    72 | D        | Found a basalt altar of Yredelemnul.
    73 | D        | Found a glowing silver altar of Zin.
    74 | D        | Found a glowing golden altar of the Shining One.
   161 | D        | Noticed a yak
   161 | D        | Noticed a troll
   161 | D        | Noticed a yak
   167 | D        | Reached skill level 10 in Polearms
   173 | D        | Killed a yak
   174 | D        | Reached skill level 11 in Polearms
   174 | D        | Reached XP level 6. HP: 26/63 MP: 5/5
   180 | D        | Killed a troll
   181 | D        | Reached skill level 13 in Polearms
   181 | D        | Reached XP level 7. HP: 43/71 MP: 6/6
   185 | D        | Reached skill level 10 in Fighting
   185 | D        | Reached skill level 10 in Armour
   188 | D        | Killed a yak
   189 | D        | Reached skill level 14 in Polearms
   304 | D        | Noticed a vampire mosquito
   304 | D        | Noticed a tengu warrior
   304 | D        | Noticed a deep elf pyromancer
   304 | D        | Noticed a vampire mosquito
   308 | D        | Killed a vampire mosquito
   322 | D        | Killed a tengu warrior
   323 | D        | Reached skill level 16 in Polearms
   323 | D        | Reached XP level 8. HP: 31/83 MP: 7/7
   328 | D        | Killed a deep elf pyromancer
   334 | D        | Reached skill level 17 in Polearms
   334 | D        | Reached XP level 9. HP: 37/92 MP: 8/8
   341 | D        | Killed an unseen horror
   528 | D        | Noticed Urug
   537 | D        | Killed Urug
   538 | D        | Reached skill level 18 in Polearms
   699 | D        | Noticed a polar bear
   699 | D        | Noticed a komodo dragon
   699 | D        | Noticed a cane toad
   707 | D        | Noticed an elephant
   714 | D        | Killed a polar bear
   716 | D        | Killed a komodo dragon
   717 | D        | Reached skill level 19 in Polearms
   723 | D        | Killed a cane toad
   726 | D        | Reached XP level 10. HP: 84/104 MP: 9/9
   733 | D        | Killed an elephant
   799 | D        | Noticed a catoblepas
   799 | D        | Noticed a black mamba
   799 | D        | Noticed a cane toad
   799 | D        | Noticed an elephant
   805 | D        | Noticed a seven-headed hydra
   823 | D        | Killed a catoblepas
   824 | D        | Reached skill level 15 in Fighting
   824 | D        | Reached skill level 20 in Polearms
   824 | D        | Reached skill level 15 in Armour
   830 | D        | Killed a black mamba
   838 | D        | Killed a cane toad
   845 | D        | Killed an elephant
   855 | D        | Killed a 16-headed hydra
   856 | D        | Reached skill level 21 in Polearms
   864 | D        | Noticed a cane toad
   865 | D        | Noticed a cane toad
   870 | D        | Killed a cane toad
   873 | D        | Killed a cane toad
  1074 | D        | Noticed a death yak
  1074 | D        | Noticed a death yak
  1074 | D        | Noticed a catoblepas
  1078 | D        | Noticed a death yak
  1085 | D        | Noticed a death yak
  1086 | D        | Killed a death yak
  1087 | D        | Reached XP level 11. HP: 99/115 MP: 10/10
  1091 | D        | Killed a death yak
  1092 | D        | Reached skill level 22 in Polearms
  1401 | D        | Killed a catoblepas
  1407 | D        | Killed a death yak
  1414 | D        | Killed a death yak
  1415 | D        | Reached skill level 23 in Polearms
  1515 | D        | Noticed Psyche
  1518 | D        | Paralysed by Psyche for 2 turns
  1525 | D        | Killed Psyche
  1705 | D        | Noticed an orc high priest
  1710 | D        | Noticed an orc knight
  1736 | D        | Killed an orc high priest
  1742 | D        | Killed an orc knight
  1970 | D        | Found Seskusat's Magic Scroll Emporium.
  1970 | D        | Noticed an orc knight
  1970 | D        | Noticed an orc high priest
  1970 | D        | Noticed an orc knight
  1970 | D        | Noticed an orc knight
  1970 | D        | Noticed an orc knight
  1972 | D        | Noticed an orc high priest
  1975 | D        | Killed an orc knight
  1976 | D        | Reached skill level 24 in Polearms
  1980 | D        | Noticed an orc high priest
  1982 | D        | Killed an orc high priest
  1989 | D        | Noticed a sun demon
  1989 | D        | Killed an orc knight
  1995 | D        | HP: 5/119 [orc knight/+0 great sword (12)]
  2000 | D        | Slain by an orc knight

Illustrated notes

Levels and vault maps discovered:
D:        linesprint [early_d, line_temple, items_1, d_10, items_2, lair_1,
          lair_end, items_3, orc_1, orc_end, items_4, d_15, swamp_1, shoals_1,
          snake_1, spider_1, d_20, vaults_1, items_5, swamp_end, shoals_end,
          snake_end, spider_end, vaults_end, d_27, items_6, zot_1, zot_end,
          crypt_end, forest_end, elf_end, slime_end, tomb_end, abyss_end,
          pan_hell_end]

Skill      XL: |  1  2  3  4  5  6  7  8  9 10 11 |
---------------+----------------------------------+-----
Polearms       | 7 9 11 13 16 17 19 21 24 | 24.4
Fighting       | 5 6 7 9 12 14 16 18 | 18.2
Armour         | 5 6 7 9 12 14 16 18 | 18.2
Shields        | |  3.6

Action                     |  1- 3 |  4- 6 |  7- 9 | 10-12 || total
---------------------------+-------+-------+-------+-------++-------
  Melee: Trident           |    19 |    15 |       |       ||    34
         Headbutt          |     3 |     5 |    15 |    36 ||    59
         Halberd           |       |    17 |    79 |   198 ||   294
    Use: Potion            |       |     2 |       |     7 ||     9
         Scroll            |       |       |     1 |     2 ||     3
   Stab: Petrified         |       |       |       |     3 ||     3
         Petrifying        |       |       |       |     2 ||     2
 Armour: Scale mail        |     4 |     4 |       |       ||     8
         Chain mail        |       |    17 |    52 |    84 ||   153
  Dodge: Dodged            |     4 |     7 |    21 |    53 ||    85
  Block: Buckler           |     2 |     4 |       |       ||     6
